 Dungeon Crawl Stone Soup version 0.30.0-18-gc0e69614cb (webtiles) character file.

Game seed: 9673775938736151685

46137 zazu2006 the Thaumaturge (level 14, -21/109 HPs)
             Began as a Gnoll Wanderer on May 23, 2023.
             Was a High Priest of Vehumet.
             Demolished by a reaper
             ... wielding a +1 scythe of protection
              (42 damage)
             ... in a Gauntlet.
             The game lasted 01:14:47 (22604 turns).

zazu2006 the Thaumaturge (Gnoll Wanderer)          Turns: 22604, Time: 01:14:48

Health: -21/109    AC: 17    Str: 13    XL:     14   Next: 36%
Magic:  31/31      EV: 12    Int: 20    God:    Vehumet [*****.]
Gold:   1311       SH: 18    Dex: 12    Spells: 25/39 levels left

rFire   . . .        p - +2 trident (venom)
rCold   . . .        W - +2 kite shield {reflect}
rNeg    . . .        a - +4 ring mail "Voehunk" {Regen+ rCorr Int+3}
rPois   +            y - +2 helmet
rElec   .            T - +1 cloak
rCorr   +            (no gloves)
SInv    .            (no boots)
Will    +....        j - amulet of reflection
Stlth   +++          C - ring of wizardry
HPRegen 1.18/turn    Q - ring of Nuonlicie {rPois Int+2}
MPRegen 0.22/turn

%: no teleportation, reflection, wizardry (x1)
@: mighty, on berserk cooldown, slowed, very slow
A: fangs 1, strong nose, distributed training
a: Renounce Religion


You were in a Gauntlet.
You worshipped Vehumet.
Vehumet was extremely pleased with you.
You visited 4 branches of the dungeon, and saw 20 of its levels.
You also visited: Sewer, Ossuary and Gauntlet.

You collected 1325 gold pieces.
You spent 14 gold pieces at shops.

Inventory:

Hand Weapons
 f - the +1 trident "Ethy" {freeze, *Slow rF++ rN+}
   (You found it in a Gauntlet)

   rF:        It greatly protects you from fire.
   rN:        It protects you from negative energy.
   *Slow:     It may slow you when you take damage.
 p - a +2 trident of venom (weapon)
 E - a +0 spear of flaming
 H - a +5 short sword
Missiles
 B - 3 throwing nets (quivered)
Armour
 a - the +4 ring mail "Voehunk" (worn) {Regen+ rCorr Int+3}
   (You found it on level 7 of the Dungeon)

   Int:       It affects your intelligence (+3).
   Regen:     It increases your rate of health regeneration.
   rCorr:     It protects you from acid and corrosion.
 y - a +2 helmet (worn)
 T - a +1 cloak (worn)
 W - a +2 kite shield of reflection (worn)
Jewellery
 j - an amulet of reflection (around neck)
 n - a +6 ring of intelligence
 C - a ring of wizardry (left hand)
 F - a ring of see invisible
 M - a ring of willpower
 P - a +4 ring of protection
 Q - the ring of Nuonlicie (right hand) {rPois Int+2}
   (You found it on level 11 of the Dungeon)

   [ring of poison resistance]

   Int:       It affects your intelligence (+2).
   rPois:     It protects you from poison.
 Y - a ring of protection from fire
Wands
 c - a wand of paralysis (12)
 l - a wand of flame (33)
 z - a wand of iceblast (5)
 L - a wand of polymorph (17)
 R - a wand of digging (6)
Scrolls
 b - 5 scrolls of fog
 d - 9 scrolls of teleportation
 e - 2 scrolls of fear
 i - 3 scrolls of torment {unknown}
 o - a scroll of magic mapping
 r - 7 scrolls of poison
 t - 3 scrolls of vulnerability
 u - a scroll of blinking
 D - 6 scrolls of summoning
 G - a scroll of immolation
 Z - a scroll of acquirement
Potions
 g - 2 potions of flight
 h - 4 potions of haste
 k - a potion of invisibility
 m - 3 potions of magic
 q - 2 potions of heal wounds
 w - 9 potions of brilliance
 x - a potion of might
 A - 4 potions of lignification
 J - 2 potions of mutation
 N - 2 potions of ambrosia
 O - a potion of berserk rage
 S - a potion of attraction
 X - a potion of cancellation


   Skills:
 + Level 9.9 Fighting
 + Level 9.5 Short Blades
 + Level 9.5 Long Blades
 + Level 9.5 Axes
 + Level 9.5 Maces & Flails
 + Level 9.5 Polearms
 + Level 9.5 Staves
 + Level 9.5 Ranged Weapons
 + Level 9.5 Throwing
 + Level 9.5 Armour
 + Level 9.5 Dodging
 + Level 9.5 Stealth
 + Level 9.5 Shields
 + Level 9.5 Unarmed Combat
 + Level 13.1 Spellcasting
 + Level 7.9 Conjurations
 + Level 7.9 Hexes
 + Level 7.9 Summonings
 + Level 7.9 Necromancy
 + Level 7.9 Translocations
 + Level 11.7 Transmutations
 + Level 7.9 Fire Magic
 + Level 7.9 Ice Magic
 + Level 7.9 Air Magic
 + Level 7.9 Earth Magic
 + Level 7.9 Poison Magic
 + Level 10.3 Invocations
 + Level 9.5 Evocations


You had 25 spell levels left.
You knew the following spells:

 Your Spells              Type           Power      Damage    Failure   Level
a - Sting                 Tmut/Pois      100%       1d8       1%          1
b - Mephitic Cloud        Conj/Pois/Air  44%        N/A       1%          3
c - Airstrike             Air            22%        2d(4-20)  1%          4
d - Sandblast             Erth           88%        2d18      1%          1
e - Passwall              Tmut/Erth      42%        N/A       1%          2
f - Dazzling Flash        Conj/Hex       88%        N/A       1%          3

Your spell library contained the following spells:

 Spells                   Type           Power      Damage    Failure   Level
 Ozocubu's Refrigeration  Ice            22%        4d12      54%         7
 Beastly Appendage        Tmut           100%       N/A       1%          1
 Necrotise                Necr           100%       1d9       1%          1
 Shock                    Conj/Air       100%       1d9       1%          1
 Ensorcelled Hibernation  Hex/Ice        88%        N/A       1%          2
 Lesser Beckoning         Tloc           88%        N/A       1%          2
 Sublimation of Blood     Necr           44%        N/A       1%          2
 Gell's Gravitas          Tloc           44%        N/A       1%          3
 Hailstorm                Conj/Ice       44%        3d10      1%          3
 Ignite Poison            Fire/Tmut/Pois 50%        N/A       1%          3
 Spider Form              Tmut/Pois      51%        N/A       1%          3
 Swiftness                Air            44%        N/A       1%          3
 Teleport Other           Tloc           44%        N/A       1%          3
 Vampiric Draining        Necr           44%        2d9       1%          3
 Vhi's Electric Charge    Tloc/Air       88%        N/A       1%          3
 Ice Form                 Ice/Tmut       51%        N/A       1%          4
 Petrify                  Tmut/Erth      51%        N/A       1%          4
 Irradiate                Conj/Tmut      25%        3d20      1%          5
 Summon Lightning Spire   Summ/Air       44%        N/A       3%          4
 Arcjolt                  Conj/Air       22%        1d32      3%          5
 Agony                    Necr           44%        N/A       11%         5
 Plasma Beam              Fire/Air       22%        2x1d37    14%         6
 Dispersal                Tloc           22%        N/A       45%         6
 Simulacrum               Ice/Necr       22%        N/A       45%         6
 Storm Form               Tmut/Air       25%        N/A       77%         7
 Maxwell's Capacitive Co  Air            22%        ∞         98%         8


Dungeon Overview and Level Annotations

Branches:
Dungeon (15/15)            Temple (1/1) D:6            Lair (2/5) D:10
    Orc (2/2) D:11            Elf (0/3) Orc:2        Vaults (0/5) D:13
  Sewer (visited)         Ossuary (visited)         Gauntlet (1/1)
  Swamp: Lair:2-3    Shoals: Lair:2-3     Snake: Lair:2-3    Spider: Lair:2-3
 Depths: D:15

Altars:
Ashenzari
Cheibriados
Dithmenos
Elyvilon
Fedhas
Gozag
Hepliaklqana
Kikubaaqudgha
Makhleb
Nemelex Xobeh
Okawaru
Qazlal
Ru
Sif Muna
Trog
Uskayaw
Vehumet
Wu Jian
Xom
Yredelemnul
Zin
The Shining One

Shops:
D:1 !   D:5 *   D:9 (   Orc:1 :

Portals:
Abyss: D:14

Annotations:
D:5 2 runed translucent doors, AverageBear's ghost, novice HOMo
D:14 2 transporters, Wopp's ghost, journeyman GrEE Gauntlet 7 transporters, 13 runed translucent doors


Innate Abilities, Weirdness & Mutations

You have very sharp teeth.
Your uncanny sense of smell can sniff out nearby items.
Your experience applies equally to all skills.


Message History

The reaper hits you with a +1 scythe of protection!
* * * LOW HITPOINT WARNING * * *
The shadow imp lashes its tail.
You hit the reaper but do no damage.
The reaper looks as sick as possible!
The reaper is moderately wounded.
You barely miss the reaper.
The reaper is moderately wounded.
You block the reaper's attack.
You hit the reaper but do no damage.
The reaper is moderately wounded.
The reaper hits you but does no damage.
You hit the reaper.
The reaper looks as sick as possible!
You bite the reaper, but do no damage.
The reaper is heavily wounded.
You hit the reaper but do no damage.
The reaper is heavily wounded.
The reaper hits you but does no damage.
The shadow imp picks up a beetle and eats it.
You puncture the reaper!
The reaper is severely wounded.
The reaper closely misses you.
You closely miss the reaper.
The reaper is heavily wounded.
You hit the reaper. Your bite misses the reaper.
The reaper is severely wounded.
You block the reaper's attack.
You barely miss the reaper.
The reaper is severely wounded.
You hit the reaper.
The reaper looks as sick as possible!
You bite the reaper, but do no damage.
The reaper is almost dead.
The reaper hits you with a +1 scythe of protection!
* * * LOW HITPOINT WARNING * * *
You hit the reaper but do no damage.
The reaper is almost dead.
You are no longer berserk.
You are exhausted.
You feel yourself slow down.
The reaper hits you with a +1 scythe of protection!!!
You die...

#...#∩............≈8≈...........§
#.©.#≈.............§.............
#...#..###########...###########.
#...#..#.........#...#...+..+..#.
..8.#..#..##.##..#...#...+..+..#.
#...#..#"#..#..#.#####..##++#++##
..8.#..#=#..#©5#.#...#..'.†.'..#.
#...#..#©.#####2.#©.©#©.'...#.©#©
#≈8≈#..#.#..#.4#@#...#..'...+..#.
#####..#$#..#..#.#####..##''#++##
#..#..##.##..#...#...'..+..#.
###..#.........#.8.#...'..+..#.
#8#..###########...###########.
###............................
#§...........................
############################# #8#
#8# #8# #8# #8# #8# #8#


You could see a reaper (extremely poisoned) and a shadow imp.

Vanquished Creatures
  Rupert (D:13)
  Jorgrun (Orc:1)
  Snorg (D:11)
  An ettin (Orc:2)
  2 hydras
  Erolcha (D:13)
  A catoblepas (Lair:1)
  2 centaur warriors
  2 two-headed ogres
  4 death yaks (Lair:1)
  Urug (D:13)
  3 orc high priests
  A tengu warrior (D:12)
  A skeletal warrior (D:14)
  A fire crab (D:13)
  Amaemon (D:8)
  2 orc knights
  4 cyclopes
  An orc sorcerer (Orc:2)
  Maurice (D:11)
  7 cane toads
  A torpor snail (Lair:1)
  An orange demon (D:7)
  A komodo dragon (D:11)
  An unseen horror (D:13)
  2 centaur skeletons (D:11)
  3 ice devils
  A queen bee (D:10)
  A hellwing (Gauntlet)
  6 trolls
  A raiju (Gauntlet)
  4 dream sheep (Lair:1)
  8 blink frogs (Lair:1)
  2 vampires
  A spriggan (D:7)
  A centaur simulacrum (D:11)
  4 slime creatures (D:12)
  A shadow (D:12)
  9 wyverns
  21 yaks
  13 humans
  2 wraiths
  4 steam dragons
  11 vampire mosquitoes
  3 acid dragons
  10 water moccasins
  Pargi (Sewer)
  A black bear (D:10)
  17 orc warriors
  An ice beast (D:7)
  6 ogres
  3 phantoms (D:6)
  8 bullfrogs
  A kobold brigand (D:11)
  2 necrophages (D:6)
  An elf zombie (Ossuary)
  3 gnoll sergeants (D:11)
  2 scorpions (D:10)
  A water moccasin zombie (D:6)
  8 wights
  35 killer bees
  An electric eel (D:11)
  2 spectral bullfrogs (D:6)
  5 howler monkeys
  2 hounds
  19 orc priests
  4 centaur zombies
  4 jellies
  A gnoll bouda (D:5)
  A bullfrog skeleton (D:6)
  5 iguanas
  18 orc wizards
  2 mummies (Ossuary)
  11 gnolls
  10 adders
  3 white imps
  An ufetubus (D:4)
  4 adder zombies (Ossuary)
  2 dart slugs
  50 orcs
  4 ball pythons
  4 bats
  5 endoplasms
  8 giant cockroaches
  6 goblins
  3 hobgoblins (D:2)
  4 jackals (D:2)
  2 quokkas (D:4)
  7 frilled lizards
  3 goblin zombies (Ossuary)
  8 hobgoblin zombies (Ossuary)
  A jackal zombie (Ossuary)
  12 kobolds
  10 kobold zombies (Ossuary)
  7 orc zombies (Ossuary)
  4 rats
  A rat zombie (Ossuary)
475 creatures vanquished.

Vanquished Creatures (others)
  2 humans (D:13)
2 creatures vanquished.

Grand Total: 477 creatures vanquished

Notes
Turn   | Place    | Note
-------+----------+-------------------------------------------
     0 | D:1      | Reached skill level 9 in Spellcasting
     0 | D:1      | zazu2006 the Gnoll Wanderer began the quest for the Orb.
     0 | D:1      | zazu2006 set off with the following items: a +0 dagger, a
                  | scroll of fog, a +0 robe, a scroll of teleportation; and
                  | the following spells available to memorise: Beastly
                  | Appendage, Sting, Passwall, Spider Form, Ignite Poison.
     0 | D:1      | Reached XP level 1. HP: 17/17 MP: 10/10
     8 | D:1      | Learned a level 1 spell: Sting
   325 | D:1      | Reached XP level 2. HP: 23/23 MP: 9/12
   437 | D:1      | Found Ihourphan's Distillery.
   445 | D:1      | Bought a potion of degeneration for 14 gold pieces
   796 | D:2      | Found a faded altar of an unknown god.
   836 | D:2      | Reached XP level 3. HP: 11/28 MP: 5/13
   919 | D:2      | Reached skill level 1 in Invocations
  1087 | D:2      | Reached skill level 1 in Short Blades
  1087 | D:2      | Reached skill level 1 in Long Blades
  1087 | D:2      | Reached skill level 1 in Axes
  1087 | D:2      | Reached skill level 1 in Maces & Flails
  1087 | D:2      | Reached skill level 1 in Polearms
  1087 | D:2      | Reached skill level 1 in Staves
  1087 | D:2      | Reached skill level 1 in Ranged Weapons
  1087 | D:2      | Reached skill level 1 in Throwing
  1087 | D:2      | Reached skill level 1 in Armour
  1087 | D:2      | Reached skill level 1 in Dodging
  1087 | D:2      | Reached skill level 1 in Stealth
  1087 | D:2      | Reached skill level 1 in Shields
  1087 | D:2      | Reached skill level 1 in Unarmed Combat
  1087 | D:2      | Reached skill level 1 in Evocations
  1087 | D:2      | Reached XP level 4. HP: 22/34 MP: 9/15
  1394 | D:2      | Found a blossoming altar of Fedhas.
  1571 | D:3      | Reached skill level 1 in Conjurations
  1571 | D:3      | Reached skill level 1 in Hexes
  1571 | D:3      | Reached skill level 1 in Summonings
  1571 | D:3      | Reached skill level 1 in Necromancy
  1571 | D:3      | Reached skill level 1 in Translocations
  1571 | D:3      | Reached skill level 1 in Fire Magic
  1571 | D:3      | Reached skill level 1 in Ice Magic
  1571 | D:3      | Reached skill level 1 in Air Magic
  1571 | D:3      | Reached skill level 1 in Earth Magic
  1571 | D:3      | Reached skill level 1 in Poison Magic
  1973 | D:3      | Identified the +5 chain mail of the Cooper {Will- MP+9
                  | Int+2 Dex+3}
  2009 | D:3      | Reached XP level 5. HP: 40/40 MP: 14/16
  2411 | D:3      | Learned a level 2 spell: Passwall
  2788 | D:4      | Noticed a water moccasin
  2805 | D:4      | Killed a water moccasin
  2806 | D:4      | Reached XP level 6. HP: 17/47 MP: 10/18
  2834 | D:4      | Found a glowing drain.
  2852 | Sewer    | Entered a sewer
  3072 | Sewer    | Noticed Pargi
  3081 | Sewer    | Killed Pargi
  3375 | D:4      | Found a snail-covered altar of Cheibriados.
  3752 | D:5      | Entered Level 5 of the Dungeon
  3765 | D:5      | Reached XP level 7. HP: 45/52 MP: 14/20
  3817 | D:5      | Found a sacrificial altar of Ru.
  4171 | D:5      | Found a shimmering altar of Xom.
  4680 | D:5      | Reached XP level 8. HP: 18/60 MP: 6/21
  4820 | D:5      | Found Woihiaf's Serpentskin Sales.
  4972 | D:5      | Found a large runed translucent door.
  4973 | D:5      | Found a large runed translucent door.
  4979 | D:5      | Noticed AverageBear's ghost (novice HOMo)
  5344 | D:6      | Found a staircase to the Ecumenical Temple.
  5387 | D:6      | HP: 4/90 [poisoned by a water moccasin]
  5689 | D:6      | Reached skill level 10 in Spellcasting
  5735 | D:6      | Found a sand-covered staircase.
  5765 | Ossuary  | Entered an ossuary
  6556 | D:5      | Learned a level 4 spell: Airstrike
  6642 | D:6      | Reached XP level 9. HP: 56/66 MP: 19/23
  6888 | D:6      | Reached skill level 5 in Fighting
  6996 | D:6      | Identified the +5 dagger of Ubiquitous Exoneration {pain,
                  | rElec rC+ Will+ rCorr}
  7056 | D:6      | Found a blossoming altar of Fedhas.
  7661 | Temple   | Entered the Ecumenical Temple
  7959 | Temple   | Became a worshipper of Vehumet
  8327 | D:7      | Reached skill level 5 in Invocations
  8610 | D:7      | Identified the +4 ring mail "Voehunk" {Regen+ rCorr Int+3}
  8634 | D:7      | Paralysed by a spriggan for 2 turns
  8700 | D:7      | Found a faded altar of an unknown god.
  8703 | D:7      | Found a hazy altar of Hepliaklqana.
  9020 | D:8      | Noticed Amaemon
  9020 | D:8      | Noticed an orange demon
  9029 | D:7      | Killed an orange demon
  9030 | D:7      | Reached skill level 5 in Short Blades
  9030 | D:7      | Reached skill level 5 in Long Blades
  9030 | D:7      | Reached skill level 5 in Axes
  9030 | D:7      | Reached skill level 5 in Maces & Flails
  9030 | D:7      | Reached skill level 5 in Polearms
  9030 | D:7      | Reached skill level 5 in Staves
  9030 | D:7      | Reached skill level 5 in Ranged Weapons
  9030 | D:7      | Reached skill level 5 in Throwing
  9030 | D:7      | Reached skill level 5 in Armour
  9030 | D:7      | Reached skill level 5 in Dodging
  9030 | D:7      | Reached skill level 5 in Stealth
  9030 | D:7      | Reached skill level 5 in Shields
  9030 | D:7      | Reached skill level 5 in Unarmed Combat
  9030 | D:7      | Reached skill level 5 in Evocations
  9167 | D:7      | Reached XP level 10. HP: 44/76 MP: 7/24
  9612 | D:8      | Killed Amaemon
  9822 | D:8      | Reached * piety under Vehumet
  9822 | D:8      | Offered knowledge of Sandblast by Vehumet.
  9873 | D:8      | Reached skill level 10 in Transmutations
  9878 | D:8      | Learned a level 1 spell: Sandblast
 10976 | D:9      | Reached skill level 11 in Spellcasting
 11358 | D:9      | Reached skill level 5 in Conjurations
 11358 | D:9      | Reached skill level 5 in Hexes
 11358 | D:9      | Reached skill level 5 in Summonings
 11358 | D:9      | Reached skill level 5 in Necromancy
 11358 | D:9      | Reached skill level 5 in Translocations
 11358 | D:9      | Reached skill level 5 in Fire Magic
 11358 | D:9      | Reached skill level 5 in Ice Magic
 11358 | D:9      | Reached skill level 5 in Air Magic
 11358 | D:9      | Reached skill level 5 in Earth Magic
 11358 | D:9      | Reached skill level 5 in Poison Magic
 11455 | D:9      | Reached XP level 11. HP: 83/83 MP: 9/26
 11769 | D:9      | Found Fuunut's Antique Weapon Boutique.
 12005 | D:10     | Entered Level 10 of the Dungeon
 12029 | D:10     | Offered knowledge of Freeze by Vehumet.
 12163 | D:10     | Reached ** piety under Vehumet
 12983 | D:10     | Found a staircase to the Lair.
 13669 | D:10     | Offered knowledge of Mephitic Cloud by Vehumet.
 13676 | D:10     | Learned a level 3 spell: Mephitic Cloud
 14677 | D:11     | Noticed a cyclops
 14701 | D:11     | Killed a cyclops
 15008 | D:11     | Identified the +1 scale mail "Anlolax" {Will+ rCorr}
 15159 | D:11     | Identified the +2 leather armour of the Devil's Advocate
                  | {rElec Int+2}
 15177 | D:11     | Noticed Snorg
 15191 | D:11     | Killed Snorg
 15192 | D:11     | Reached XP level 12. HP: 91/91 MP: 5/27
 15402 | D:11     | Reached *** piety under Vehumet
 15656 | D:11     | Offered knowledge of Dazzling Flash by Vehumet.
 15662 | D:11     | Found a staircase to the Orcish Mines.
 15667 | D:11     | Learned a level 3 spell: Dazzling Flash
 15706 | D:11     | Identified the ring of Nuonlicie {rPois Int+2}
 15735 | D:11     | Noticed Maurice
 15749 | D:11     | Killed Maurice
 15989 | D:12     | Noticed a two-headed ogre
 16018 | D:12     | Killed a two-headed ogre
 16370 | D:12     | Reached skill level 12 in Spellcasting
 16463 | D:12     | You fall into a shaft and drop 3 floors!
 16463 | D:15     | Entered Level 15 of the Dungeon
 16486 | D:15     | Noticed a four-headed hydra
 16496 | D:15     | Killed a four-headed hydra
 16496 | D:15     | Reached **** piety under Vehumet
 16882 | D:14     | Found a transporter.
 16882 | D:14     | Found a one-way gate to the infinite horrors of the Abyss.
 16888 | D:14     | Noticed a tentacled starspawn
 16893 | D:14     | Noticed a great orb of eyes
 16899 | D:14     | Found a transporter.
 16902 | D:14     | Noticed Wopp's ghost (journeyman GrEE)
 16903 | D:14     | Noticed a hell hog
 16904 | D:14     | Noticed a rakshasa
 16986 | D:13     | Noticed a centaur warrior
 16986 | D:13     | Noticed Urug
 16986 | D:13     | Noticed Rupert
 16986 | D:13     | Found a gate to the Vaults.
 17147 | D:13     | Noticed Erolcha
 17148 | D:13     | Noticed an eight-headed hydra
 17165 | D:13     | Noticed a centaur warrior
 17170 | D:13     | Killed an eight-headed hydra
 17172 | D:13     | Killed Erolcha
 17306 | D:14     | Killed a centaur warrior
 17825 | D:12     | Identified the +1 scale mail of the Bursted God {rC- Str+3}
 18104 | D:12     | Reached XP level 13. HP: 99/99 MP: 29/29
 18328 | D:13     | Killed Urug
 18450 | D:13     | Offered knowledge of Frozen Ramparts by Vehumet.
 18503 | D:13     | Killed Rupert
 19614 | Lair:1   | Entered Level 1 of the Lair of Beasts
 19708 | Orc:1    | Entered Level 1 of the Orcish Mines
 19809 | Orc:1    | Noticed Jorgrun
 19826 | Orc:1    | Killed Jorgrun
 19913 | Orc:1    | Found Seirphaso's Book Shop.
 19984 | Orc:2    | Entered Level 2 of the Orcish Mines
 20201 | Orc:2    | Noticed an ettin
 20220 | Orc:2    | Killed an ettin
 20431 | Orc:2    | Found a staircase to the Elven Halls.
 20502 | Orc:2    | Reached ***** piety under Vehumet
 20599 | Orc:2    | Offered knowledge of Ozocubu's Refrigeration by Vehumet.
 20801 | Orc:2    | Reached XP level 14. HP: 99/108 MP: 30/30
 20840 | Orc:2    | Reached skill level 10 in Invocations
 20872 | Orc:2    | Noticed an orc warlord
 21120 | Lair:1   | Reached skill level 13 in Spellcasting
 22065 | Lair:2   | Identified a scroll of acquirement
 22130 | Lair:2   | Found a gate leading to a gauntlet.
 22159 | Gauntlet | Entered a Gauntlet
 22159 | Gauntlet | Found a transporter.
 22159 | Gauntlet | Found a transporter.
 22159 | Gauntlet | Found a transporter.
 22163 | Gauntlet | Found a transporter.
 22163 | Gauntlet | Found a transporter.
 22163 | Gauntlet | Found a transporter.
 22165 | Gauntlet | Found a large runed translucent door.
 22166 | Gauntlet | Found a large runed translucent door.
 22167 | Gauntlet | Found a large runed translucent door.
 22167 | Gauntlet | Found a large runed translucent door.
 22167 | Gauntlet | Found a runed translucent door.
 22168 | Gauntlet | Found a large runed translucent door.
 22169 | Gauntlet | Found a large runed translucent door.
 22170 | Gauntlet | Found a large runed translucent door.
 22170 | Gauntlet | Found a large runed translucent door.
 22171 | Gauntlet | Found a runed translucent gate.
 22172 | Gauntlet | Found a runed translucent gate.
 22173 | Gauntlet | Found a transporter.
 22173 | Gauntlet | Found a transporter.
 22177 | Gauntlet | Found a transporter.
 22177 | Gauntlet | Found a transporter.
 22178 | Gauntlet | Found a runed translucent gate.
 22178 | Gauntlet | Found a runed translucent door.
 22182 | Gauntlet | Found a large runed translucent door.
 22182 | Gauntlet | Found a large runed translucent door.
 22185 | Gauntlet | Noticed a reaper
 22186 | Gauntlet | Noticed a reaper
 22187 | Gauntlet | Found a transporter.
 22219 | Gauntlet | Found a large runed translucent door.
 22219 | Gauntlet | Found a large runed translucent door.
 22222 | Gauntlet | Found a large runed translucent door.
 22222 | Gauntlet | Found a large runed translucent door.
 22223 | Gauntlet | Found a large runed translucent door.
 22224 | Gauntlet | Found a large runed translucent door.
 22303 | Gauntlet | Found a transporter.
 22510 | Gauntlet | Identified the +1 trident "Ethy" {freeze, *Slow rF++ rN+}
 22604 | Gauntlet | Demolished by a reaper

Illustrated notes

Levels and vault maps discovered:
D:1:      lightli_arrival_isolated_outpost, layout_loops_cross, serial_shops,
          shop_statue, chequers_serial_rivers_room_a
D:2:      layout_rooms, basic_altar, ebering_ecumenical_altar_hall,
          minmay_pentomino_t2
D:3:      layout_loops_corners, dk_noncrumbling_2
D:4:      layout_cave_pods, chei_slow_surprise, portal_sewer_entry_f,
          minmay_surrounded
D:5:      layout_loops_corners, dk_xom_monty_hall,
          nicolae_ru_great_annihilating_truth, ebering_ghost_disaster_area,
          chequers_avenue, mumra_transporter_accident, guppyfry_shop_venom
D:6:      layout_cave_pools, fedhas_ov_isle_minmay,
          minmay_temple_entry_statues_pillars,
          nicolae_ossuary_entry_false_entrances, dilly_guarded_unrand_morg
D:7:      layout_basic, beargit_hepliaklqana_dungeon_heroes
D:8:      layout_cave_pods, uniq_amaemon
D:9:      layout_basic, serial_shops, nicolae_lakefront_shop, nrook_campfire
D:10:     layout_layer_cave, due_lair_maze_entry_diamond, special_room
          [special_room_bee]
D:11:     layout_stronghold, kennysheep_orc_monster_closet_entryway,
          hangedman_weighted_door, corexii_hall_statues_l, serial_bayou_ford_a,
          minmay_misc_feat_diagonals, uniq_maurice, uniq_snorg
D:12:     layout_long_grid, portal_ice_cave_demonic_guard
D:13:     layout_roguey, david_vaults_3, minmay_misc_feat_tower,
          minivault_25_ag, uniq_erolcha
D:14:     layout_basic, gammafunk_ghost_abyssal_escape, nicolae_titane
D:15:     grunt_enter_depths_snipers, layout_grid_maze, minmay_misc_feat_iff,
          minmay_gold_behind_fungi, billiards_dpeg
Temple:   minmay_temple_bridge_d
Lair:1:   layout_regular_city, infiniplex_staircase_pool_2, lemuel_fruit_tree
Lair:2:   layout_loops_ring, guppyfry_snake_entry_island,
          gauntlet_entry_generic, ebering_ghost_funeral_grove
Orc:1:    layout_diamond_mine, serial_shops, shop, shop, roderic_batcave,
          uniq_jorgrun
Orc:2:    st_orc_congregation, layout_diamond_mine, basic_altar
Gauntlet: gammafunk_gauntlet_hard_choice [gammafunk_gauntlet_arena_chambers,
          gammafunk_gauntlet_arena_corners,
          minmay_gauntlet_arena_make_your_own_arena,
          gammafunk_gauntlet_arena_open, nicolae_gauntlet_arena_quarters,
          gammafunk_gauntlet_arena_spirals,
          nicolae_gauntlet_exit_dead_adventurers]

Skill      XL: |  1  2  3  4  5  6  7  8  9 10 11 12 13 14 |
---------------+-------------------------------------------+-----
Spellcasting   | 10 11 12 13 | 13.1
Invocations    | 1 2 3 4 5 6 7 8 9 10 | 10.3
Short Blades   | 1 2 3 5 6 7 8 9 |  9.5
Long Blades    | 1 2 3 5 6 7 8 9 |  9.5
Axes           | 1 2 3 5 6 7 8 9 |  9.5
Maces & Flails | 1 2 3 5 6 7 8 9 |  9.5
Polearms       | 1 2 3 5 6 7 8 9 |  9.5
Staves         | 1 2 3 5 6 7 8 9 |  9.5
Ranged Weapons | 1 2 3 5 6 7 8 9 |  9.5
Throwing       | 1 2 3 5 6 7 8 9 |  9.5
Armour         | 1 2 3 5 6 7 8 9 |  9.5
Dodging        | 1 2 3 5 6 7 8 9 |  9.5
Stealth        | 1 2 3 5 6 7 8 9 |  9.5
Shields        | 1 2 3 5 6 7 8 9 |  9.5
Unarmed Combat | 1 2 3 5 6 7 8 9 |  9.5
Evocations     | 1 2 3 5 6 7 8 9 |  9.5
Conjurations   | 1 2 3 4 5 6 7 |  7.9
Hexes          | 1 2 3 4 5 6 7 |  7.9
Summonings     | 1 2 3 4 5 6 7 |  7.9
Necromancy     | 1 2 3 4 5 6 7 |  7.9
Translocations | 1 2 3 4 5 6 7 |  7.9
Fire Magic     | 1 2 3 4 5 6 7 |  7.9
Ice Magic      | 1 2 3 4 5 6 7 |  7.9
Air Magic      | 1 2 3 4 5 6 7 |  7.9
Earth Magic    | 1 2 3 4 5 6 7 |  7.9
Poison Magic   | 1 2 3 4 5 6 7 |  7.9
Fighting       | 3 4 5 6 7 8 9 |  9.9
Transmutations | 9 10 11 | 11.7

Action                     |  1- 3 |  4- 6 |  7- 9 | 10-12 | 13-15 || total
---------------------------+-------+-------+-------+-------+-------++-------
  Melee: Dagger            |    10 |    19 |    16 |       |       ||    45
         Bite              |     1 |     1 |    61 |    75 |   130 ||   268
         Spear             |       |       |   345 |   389 |       ||   734
         Punch             |       |       |     8 |    45 |     2 ||    55
         Trident           |       |       |       |   267 |   738 ||  1005
   Cast: Sting             |    53 |   103 |   128 |    74 |     2 ||   360
         Passwall          |       |     2 |       |       |       ||     2
         Airstrike         |       |       |    49 |   172 |    22 ||   243
         Sandblast         |       |       |       |    31 |     6 ||    37
         Mephitic Cloud    |       |       |       |    32 |    70 ||   102
         Dazzling Flash    |       |       |       |     2 |       ||     2
  Evoke: Wand              |       |       |     2 |    25 |       ||    27
    Use: Potion            |       |       |     9 |     1 |     3 ||    13
         Scroll            |       |       |     7 |     9 |     8 ||    24
   Stab: Sleeping          |       |     1 |     1 |       |     4 ||     6
         Invisible         |       |       |     1 |       |       ||     1
         Paralysed         |       |       |       |    29 |       ||    29
         Confused          |       |       |       |    20 |    41 ||    61
         Petrified         |       |       |       |       |     5 ||     5
         Petrifying        |       |       |       |       |     3 ||     3
 Armour: Robe              |     8 |    15 |    81 |       |       ||   104
         Ring mail         |       |       |     8 |   334 |   188 ||   530
         Steam dragon scal |       |       |     1 |       |       ||     1
  Dodge: Dodged            |    18 |    38 |   271 |   379 |   150 ||   856
  Block: Other             |     3 |    19 |    97 |   173 |     8 ||   300
         Reflection        |       |       |       |     2 |     7 ||     9
         Kite shield       |       |       |       |       |   493 ||   493
